watermosaic, lawful female human Valkyrie ---- |..| ---- |.<| |..---- |..| |.....| |..| |)...%----- |..| -----......... |..--- ---..||...-#-##- |.%..| |....##...--..| ... |.--.--- |...%....%....##.oe. |.||...| --......)%*...[#)@|.. |.|---.----#.....)....#-#`)#- --|.| |...|#-........##- [# ## ---.|.| ---%#|........)| # |...^.| |...|-........| . |.(..^-- |-..--%.......-- ---....| |....%.|.......| --^..-- --.----|.......| |....| --- --....---- ---.-- |...--- --- |..-- ---- watermosaic the Fighter Experience level: 6 Strength: 18/02 Dexterity: 11 Constitution: 17 Intelligence: 8 Wisdom: 9 Charisma: 9 Health: 0(61) Energy: 14(14) Def: 10 Gold: 873 Moves: 2299 Dungeon seed: N8TlDpAGsjPbFoY9 Game ID: watermosaic_1554804264 Your Inventory: Coins $ - 873 gold pieces Weapons a - a blessed corroded +1 long sword (weapon in hand) b - a blessed +0 dagger d - 8 +0 crossbow bolts Armor e - an uncursed +3 small shield (being worn) r - an uncursed +0 bronze plate mail (being worn) Comestibles l - 2 uncursed food rations w - an uncursed iguana corpse Scrolls o - a blessed scroll of genocide t - an uncursed scroll of teleportation v - an uncursed scroll of enchant weapon Spellbooks i - an uncursed spellbook of turn undead u - an uncursed spellbook of wizard lock Potions k - an uncursed potion of water p - a potion of holy water Rings f - a cursed -1 ring of gain strength Tools x - an uncursed partly used tallow candle (lit) (0:24) Gems n - 3 uncursed worthless pieces of violet glass q - an uncursed worthless piece of red glass y - an uncursed worthless piece of yellowish brown glass z - an uncursed worthless piece of black glass N - an uncursed worthless piece of yellow glass Spells and supernatural/magical abilities: Name Level Category Fail Memory W - pray for help -- divine ? -- Your skills at the end: Fighting Skills Weapon Skills dagger [Basic] long sword [Basic] Spellcasting Skills Final Attributes: You were piously aligned. You were cold resistant. You were stealthy. You are dead. Vanquished creatures: 2 imps 5 Uruk-hai a gnome lord a gnomish wizard a black naga hatchling a kitten 3 rothes 3 orc zombies a werejackal 2 iguanas an acid blob a gas spore a green mold 8 gnomes 3 jackals 2 foxes 3 kobolds 2 goblins 6 sewer rats 7 grid bugs 4 bats 7 lichens a kobold zombie 6 newts 72 creatures vanquished. Voluntary challenges: You followed a strict vegan diet. You used a wielded weapon 82 times, starting on turn 23. You were illiterate. You never genocided any monsters. You never polymorphed an object. You never changed form. You used no wishes. You never split a pudding. You never wrote Elbereth's name. You never violated your personal moral code. Dungeon overview: The Dungeons of Doom: levels 1 to 4 Level 1 a long staircase Level 2 an altar to Tyr Level 3 Level 4 stairs to The Gnomish Mines The Gnomish Mines: Level 5 <- You were here stairs to The Dungeons of Doom History has recorded: On T:1 you entered the Dungeons of Doom to retrieve the Amulet of Yendor! On T:447 you reached level 2 of The Dungeons of Doom. On T:527 you advanced to experience level 2. On T:708 you advanced to experience level 3. On T:1142 you reached level 3 of The Dungeons of Doom. On T:1338 you advanced to experience level 4. On T:1546 you reached level 4 of The Dungeons of Doom. On T:1850 you reached level 1 of The Gnomish Mines. On T:2116 you advanced to experience level 5. On T:2290 you advanced to experience level 6. Score breakdown: Gold: 873 (10006 points) Experience: 6 levels (12456 points) Exploration: 5 levels ( 9.62%) ( 8401 points) Discoveries: 0 items ( 0.00%) ( 0 points) Valuables value: (no points given unless you survive) Artifact value: 0 ( 0 points) Variety of kills: 24 monsters ( 6.30%) ( 7529 points) Turncount: 2299 turns ( -206 points) Survival: died (score multiplied by 80%) Total score: 30548 Latest messages: There are a few objects here. The Uruk-hai hits! The Uruk-hai throws a dagger! You are almost hit by a dagger. You hit the Uruk-hai! You kill the Uruk-hai! The Uruk-hai picks up a pair of iron shoes. The Uruk-hai puts on a pair of iron shoes. You hit the Uruk-hai! You miss the Uruk-hai. The Uruk-hai wields a dagger! You miss the Uruk-hai. The Uruk-hai thrusts her dagger. The Uruk-hai hits! You kill the Uruk-hai! The Uruk-hai thrusts her orcish short sword. The Uruk-hai misses. You are hit by a poisoned orcish arrow. Valkyrie, your life force is running out. You feel weaker! You are hit by a poisoned orcish arrow. You die... Final status: Farvel watermosaic the Valkyrie, killed by an orcish arrow... You died in The Gnomish Mines on dungeon level 5 with 30548 points, and 873 pieces of gold, after 2299 moves. You were level 6 with a maximum of 61 hit points when you died.